 Dungeon Crawl Stone Soup version 0.31.0 (webtiles) character file.

Game seed: 2823865323284770345

4419 Slince the Thaumaturge (level 10, -6/76 HPs)
             Began as a Djinni Necromancer on Jan 19, 2024.
             Mangled by Maggie
             ... wielding a +1 glaive of flaming
              (22 damage)
             ... on level 8 of the Dungeon on Jan 20, 2024.
             The game lasted 02:06:37 (8408 turns).

Slince the Thaumaturge (Djinni Necromancer)         Turns: 8408, Time: 02:06:37

Health: -6/76      AC:  2    Str:  9    XL:     10   Next: 62%
Gold:   431        EV: 14    Int: 19    God:
                   SH:  5    Dex: 14

rFire   + + +        B - +0 scythe (drain)
rCold   x . .        (shield currently unavailable)
rNeg    . . .        a - +0 robe
rPois   ∞            (no helmet)
rElec   .            (no cloak)
rCorr   .            (no gloves)
SInv    +            (boots unavailable)
Will    +....        H - amulet of reflection
Stlth   ++           c - ring of protection from fire
HPRegen 0.32/turn    k - ring of see invisible
MPRegen 0.00/turn

%: reflection, infuse magic (-7 HP)
@: flying, mesmerised
A: sickness immunity, fire resistance 2, cold vulnerability 1, float, innate
caster, HP casting, extra vitality 1
a: no special abilities


You were on level 8 of the Dungeon.
You visited 1 branch of the dungeon, and saw 8 of its levels.
You also visited: Ossuary.

You collected 431 gold pieces.

Inventory:

Hand Weapons
 z - a +2 war axe of electrocution
 B - a +0 scythe of draining (weapon)
 D - a +0 long sword of holy wrath
Armour
 a - a +0 robe (worn)
Jewellery
 c - a ring of protection from fire (left hand)
 k - a ring of see invisible (right hand)
 n - a ring of flight
 t - a ring of resist corrosion
 G - a +4 ring of protection
 H - an amulet of reflection (around neck)
 J - an amulet of reflection
Talismans
 d - a flux talisman
Wands
 m - a wand of iceblast (5)
Scrolls
 b - 2 scrolls of fog {unknown}
 g - 3 scrolls of enchant armour
 h - 2 scrolls of teleportation
 i - a scroll of vulnerability {unknown}
 l - 2 scrolls of enchant weapon {unknown}
 o - a scroll of brand weapon {unknown}
 p - a scroll of silence {unknown}
 v - a scroll of acquirement {unknown}
 x - 2 scrolls of immolation {unknown}
 y - 4 scrolls of blinking {unknown}
 A - 2 scrolls of fear {unknown}
 K - a scroll of identify
Potions
 e - a potion of curing
 f - a potion of haste
 j - 7 potions of mutation {unknown}
 q - 2 potions of magic {unknown}
 r - 3 potions of might {unknown}
 s - a potion of degeneration {unknown}
 u - a potion of attraction {unknown}
 w - 2 potions of heal wounds {unknown}
 C - a potion of lignification {unknown}
 E - 2 potions of brilliance {unknown}
 F - a potion of cancellation {unknown}
 I - a potion of invisibility {unknown}


   Skills:
 * Level 7.8 Fighting
 - Level 1.5(3.4) Axes
 * Level 4.8(4.9) Polearms
 - Level 5.9 Dodging
 - Level 1.5 Stealth
 + Level 0.3 Shields
 * Level 8.3 Spellcasting
 * Level 8.3 Conjurations
 * Level 8.3 Hexes
 * Level 8.3 Summonings
 * Level 8.3 Necromancy
 * Level 8.3 Translocations
 * Level 8.3 Fire Magic
 * Level 8.3 Ice Magic
 * Level 8.3 Air Magic
 * Level 8.3 Earth Magic
 * Level 8.3 Alchemy


You knew the following spells:

 Your Spells              Type           Power      Damage    Failure   Level
a - Necrotise             Necr           100%       1d9       1%          1
b - Vampiric Draining     Necr           39%        2d8       1%          3
c - Animate Dead          Necr           39%        N/A       2%          4
d - Curse of Agony        Necr           39%        N/A       8%          5
e - Magic Dart            Conj           100%       1d8       1%          1
f - Blink                 Tloc           78%        N/A       1%          2
g - Inner Flame           Hex/Fire       39%        N/A       1%          3
h - Sigil of Binding      Hex            39%        N/A       1%          3
Your spell library was empty.

Dungeon Overview and Level Annotations

Branches:
Dungeon (8/15)             Temple (0/1) D:6         Ossuary (visited)
   Lair: D:8-11

Altars:
Ashenzari
Cheibriados
Elyvilon
Hepliaklqana
Nemelex Xobeh
Okawaru
Trog
Yredelemnul

Annotations:
D:2 Natasha
D:8 Maggie, Psyche


Innate Abilities, Weirdness & Mutations

You are immune to sickness and miasma.
You are immune to poison.
Your flesh is very heat resistant. (rF++)
You are vulnerable to cold. (rC-)
You float through the air rather than walking.
You learn spells naturally, not from books.
Your magical power is your life essence.
You have superior vitality. (+4 MHP)


Message History

The magic dart hits Maggie.
Flame seeps out of Maggie.
Maggie is heavily wounded.
* * * LOW HITPOINT WARNING * * *
Maggie is engulfed in blazing flames.
Flame seeps out of Maggie.
Maggie gestures wildly while chanting.
Maggie draws you further into her thrall.
Casting: Magic Dart (safe; 1% risk of failure)
Confirm with . or Enter, or press ? or * to list all spells.
Aiming: Magic Dart (safe; 1% risk of failure)
Press: ? - help, Shift-Dir - straight line, f/p - Maggie
Aim: Maggie, wielding a +1 glaive of flaming and wearing +0 acid dragon scales (severely wounded, mesmerising, inner flame, 100% to hit)
The magic dart hits Maggie but does no damage.
Maggie is severely wounded.
* * * LOW HITPOINT WARNING * * *
Maggie casts a spell.
Maggie draws you further into her thrall.
Casting: Magic Dart (safe; 1% risk of failure)
Confirm with . or Enter, or press ? or * to list all spells.
Aiming: Magic Dart (safe; 1% risk of failure)
Press: ? - help, Shift-Dir - straight line, f/p - Maggie
Aim: Maggie, wielding a +1 glaive of flaming and wearing +0 acid dragon scales (severely wounded, mesmerising, inner flame, 100% to hit)
The magic dart hits Maggie but does no damage.
Maggie is severely wounded.
* * * LOW HITPOINT WARNING * * *
Unknown command.
Casting: Magic Dart (safe; 1% risk of failure)
Confirm with . or Enter, or press ? or * to list all spells.
You don't know that spell.
Casting: Magic Dart (safe; 1% risk of failure)
Confirm with . or Enter, or press ? or * to list all spells.
Aiming: Magic Dart (safe; 1% risk of failure)
Press: ? - help, Shift-Dir - straight line, f/p - Maggie
Aim: Maggie, wielding a +1 glaive of flaming and wearing +0 acid dragon scales (severely wounded, mesmerising, inner flame, 100% to hit)
The magic dart hits Maggie but does no damage.
Maggie is severely wounded.
* * * LOW HITPOINT WARNING * * *
Maggie points at you and mumbles some strange words.
The bolt of fire misses you.
Maggie hits you with a +1 glaive of flaming!!
You die...

#...#
#.###..... #
#.### #.....#
#####.#
###....#
....).#
##...##.# ##
....#####
#..### ...#
..#.)...####(##
##.####.@
...........#.#
#........
..##########.#
#####)# ..#
####.###@@..°#
..#
##.....^.^#####
..# #...#######
### #..## ####


You could see Maggie (mesmerising, inner flame).

Vanquished Creatures
  An orange demon (D:8)
  2 hornets
  Sigmund (D:6)
  4 yaks (D:8)
  A water moccasin (D:7)
  Duvessa (D:7)
  An orc warrior (D:8)
  A sky beast (D:7)
  2 ogres
  2 elf zombies (Ossuary)
  2 bullfrogs
  5 scorpions
  2 wights (D:7)
  Dowan (D:7)
  3 yak zombies (D:8)
  3 killer bees (D:7)
  A howler monkey (D:7)
  2 centaur zombies (Ossuary)
  A bombardier beetle (D:6)
  7 human zombies (Ossuary)
  2 orc priests (D:7)
  2 hounds
  A jelly (D:6)
  Jessica (D:2)
  2 iguanas
  5 orc wizards
  A scorpion zombie (D:6)
  Terence (D:2)
  A hound zombie (D:7)
  3 mummies (Ossuary)
  A gnoll (D:3)
  7 adders
  A shadow imp (D:7)
  2 white imps (D:6)
  6 ufetubi
  3 dart slugs
  2 ribbon worms
  19 orcs
  12 endoplasms
  6 goblins
  3 hobgoblins
  2 jackals (D:2)
  4 quokkas
  12 ball pythons
  3 bats (D:1)
  A frilled lizard (D:1)
  2 kobolds
  An orc zombie (D:7)
  2 rats (D:1)
151 creatures vanquished.

Vanquished Creatures (collateral kills)
  Amaemon (D:8)
  A wight (D:7)
  A killer bee (D:7)
  A dart slug (D:1)
  An endoplasm (D:4)
  A goblin (D:4)
  2 hobgoblins (D:1)
8 creatures vanquished.

Vanquished Creatures (others)
  A water moccasin zombie (D:7)
  A yak zombie (D:8)
  3 killer bee zombies (D:7)
  An adder zombie (D:5)
  A jelly zombie (D:6)
  A gnoll zombie (D:3)
  10 orc zombies
18 creatures vanquished.

Grand Total: 177 creatures vanquished

Notes
Turn   | Place    | Note
-------+----------+-------------------------------------------
     0 | D:1      | Slince the Djinni Necromancer began the quest for the Orb.
     0 | D:1      | Slince set off with the following spells memorised:
                  | Necrotise, Vampiric Draining, Animate Dead, Curse of Agony.
     0 | D:1      | Reached XP level 1. HP: 15/15 MP: 0/0
   150 | D:1      | Reached XP level 2. HP: 22/22 MP: 0/0
   277 | D:1      | Reached XP level 3. HP: 4/26 MP: 0/0
   277 | D:1      | Learned a level 1 spell: Magic Dart
   285 | D:1      | Reached skill level 1 in Fighting
   911 | D:2      | Reached XP level 4. HP: 30/32 MP: 0/0
   943 | D:2      | Noticed Jessica
   952 | D:2      | Noticed Terence
  1409 | D:2      | Noticed Natasha
  1548 | D:2      | Killed Jessica
  1714 | D:2      | Killed Terence
  1715 | D:2      | Reached XP level 5. HP: 32/38 MP: 0/0
  1715 | D:2      | Learned a level 2 spell: Blink
  2063 | D:3      | Found a faded altar of an unknown god.
  2112 | D:3      | You are sucked into a shaft and drop 1 floor!
  2121 | D:4      | Found a broken altar of Ashenzari.
  2212 | D:4      | Upgraded the game from 0.31-b1-22-gc680215f68 to 0.31.0
  2212 | D:4      | Found a sparkling altar of Nemelex Xobeh.
  2333 | D:3      | Found a basalt altar of Yredelemnul.
  2419 | D:3      | Reached XP level 6. HP: 28/45 MP: 0/0
  2450 | D:3      | Found a bloodstained altar of Trog.
  2463 | D:3      | HP: 2/45 [white imp/puff of frost (16)]
  4074 | D:4      | Found a snail-covered altar of Cheibriados.
  4286 | D:5      | Entered Level 5 of the Dungeon
  4297 | D:5      | Reached skill level 5 in Spellcasting
  4297 | D:5      | Reached skill level 5 in Conjurations
  4297 | D:5      | Reached skill level 5 in Hexes
  4297 | D:5      | Reached skill level 5 in Summonings
  4297 | D:5      | Reached skill level 5 in Necromancy
  4297 | D:5      | Reached skill level 5 in Translocations
  4297 | D:5      | Reached skill level 5 in Fire Magic
  4297 | D:5      | Reached skill level 5 in Ice Magic
  4297 | D:5      | Reached skill level 5 in Air Magic
  4297 | D:5      | Reached skill level 5 in Earth Magic
  4297 | D:5      | Reached skill level 5 in Alchemy
  4416 | D:5      | Found an iron altar of Okawaru.
  4540 | D:5      | Reached XP level 7. HP: 43/50 MP: 0/0
  4540 | D:5      | Learned a level 3 spell: Inner Flame
  4567 | D:5      | Found a sand-covered staircase.
  4645 | D:5      | Found a white marble altar of Elyvilon.
  4915 | Ossuary  | Entered an ossuary
  4961 | Ossuary  | Reached skill level 5 in Dodging
  4961 | Ossuary  | Reached XP level 8. HP: 32/58 MP: 0/0
  5662 | D:6      | Found a staircase to the Ecumenical Temple.
  5809 | D:6      | Found a faded altar of an unknown god.
  5809 | D:6      | Noticed Sigmund
  5829 | D:6      | Killed Sigmund
  5830 | D:6      | Reached skill level 1 in Axes
  5830 | D:6      | Reached XP level 9. HP: 33/64 MP: 0/0
  5830 | D:6      | Learned a level 3 spell: Sigil of Binding
  5937 | D:6      | Found a hazy altar of Hepliaklqana.
  6236 | D:7      | Noticed a hornet
  6245 | D:7      | Reached skill level 5 in Fighting
  6255 | D:7      | Killed a hornet
  6256 | D:7      | Reached skill level 1 in Polearms
  6574 | D:7      | Noticed Duvessa
  6580 | D:7      | Killed Duvessa
  6595 | D:7      | Noticed Dowan
  6609 | D:7      | Killed Dowan
  7515 | D:7      | HP: 1/67 [cloud of flame (4)]
  7887 | D:8      | Noticed a hornet
  7894 | D:8      | Killed a hornet
  7895 | D:8      | Reached XP level 10. HP: 34/73 MP: 0/0
  8130 | D:8      | Noticed Psyche
  8376 | D:8      | Noticed Amaemon
  8376 | D:8      | Noticed an orange demon
  8381 | D:8      | Noticed Maggie
  8390 | D:8      | Killed Amaemon
  8395 | D:8      | Killed an orange demon
  8408 | D:8      | Mangled by Maggie

Illustrated notes

Levels and vault maps discovered:
D:1:      minmay_arrival_semitransparent, layout_basic, corner_web_ring
D:2:      layout_basic, uniq_jessica, uniq_terence, uniq_natasha
D:3:      layout_basic, nzn_overflow_gifts_of_might_and_magic,
          mainiacjoe_overflow_concentric_impassable,
          nicolae_ecumenical_oubliette
D:4:      layout_loops_corners, cheibrodos_worm_habitat,
          nemelex_diamond_rough_becter, mainiacjoe_overflow_catwalk
D:5:      layout_rooms, nicolae_elyvilon_peaceful_grove,
          okawaru_ov_weapons_minmay, nicolae_ossuary_entry_monument
D:6:      layout_basic, beargit_hepliaklqana_dungeon_heroes, temple_fountains,
          st_stairs_1, dreamdust_wishing_well
D:7:      layout_basic, kennysheep_generic_room_2, uniq_duvessa
D:8:      layout_rooms, amcnicky_altar_gilded, fedhas_bush_and_centaur_altar,
          serial_shops, nicolae_shop_tiny_waterfront, uniq_psyche, uniq_maggie,
          uniq_amaemon

Skill      XL: |  1  2  3  4  5  6  7  8  9 10 |
---------------+-------------------------------+-----
Fighting       | 1 2 3 4 6 7 |  7.8
Spellcasting   | 4 5 6 7 8 |  8.3
Conjurations   | 4 5 6 7 8 |  8.3
Hexes          | 4 5 6 7 8 |  8.3
Summonings     | 4 5 6 7 8 |  8.3
Necromancy     | 4 5 6 7 8 |  8.3
Translocations | 4 5 6 7 8 |  8.3
Fire Magic     | 4 5 6 7 8 |  8.3
Ice Magic      | 4 5 6 7 8 |  8.3
Air Magic      | 4 5 6 7 8 |  8.3
Earth Magic    | 4 5 6 7 8 |  8.3
Alchemy        | 4 5 6 7 8 |  8.3
Dodging        | 3 4 5 |  5.9
Axes           | 1 |  1.5
Polearms       | 3 4 |  4.8
Stealth        | |  1.5
Shields        | |  0.3

Action                     |  1- 3 |  4- 6 |  7- 9 | 10-12 || total
---------------------------+-------+-------+-------+-------++-------
  Melee: Unarmed           |       |       |     2 |       ||     2
         Halberd           |       |       |    12 |       ||    12
   Cast: Necrotise         |    67 |    26 |    10 |     9 ||   112
         Vampiric Draining |       |    21 |    33 |    23 ||    77
         Magic Dart        |       |    85 |   105 |    24 ||   214
         Animate Dead      |       |     8 |    11 |     3 ||    22
         Blink             |       |     3 |     2 |       ||     5
         Inner Flame       |       |       |    27 |     5 ||    32
         Sigil of Binding  |       |       |     8 |     3 ||    11
    Use: Scroll            |       |     3 |     1 |       ||     4
         Potion            |       |     3 |     1 |       ||     4
 Armour: Robe              |    12 |    19 |    54 |    12 ||    97
  Dodge: Dodged            |    12 |    28 |    35 |    17 ||    92
  Block: Other             |       |       |       |     3 ||     3
